 Dungeon Sprint DCSS version 0.30.1-4-g462c640d31 (webtiles) character file.

Game seed: 18278441082743791392

6279 Heoruswealwe the Sorcerer (level 10, -6/50 HPs)
             Began as a Deep Elf Earth Elementalist on Aug 30, 2023.
             Was a Believer of Vehumet.
             Shot with an arrow by a centaur warrior (14 damage)
             ... in the Dungeon (Sprint I: "Red Sonja").
             The game lasted 00:11:44 (1116 turns).

Heoruswealwe the Sorcerer (DEEE)                    Turns: 1116, Time: 00:11:44

Health: -6/50      AC:  2    Str:  5    XL:     10   Next: 63%
Magic:  25/38      EV: 12    Int: 25    God:    Vehumet [**....]
Gold:   659        SH:  0    Dex: 15    Spells: 44/54 levels left

rFire   . . .        a - +0 dagger (speed)
rCold   . . .        (no shield)
rNeg    . . .        c - +0 robe
rPois   .            (no helmet)
rElec   .            (no cloak)
rCorr   .            (no gloves)
SInv    +            (no boots)
Will    +....        (no amulet)
Stlth   ++           k - ring of see invisible
HPRegen 0.28/turn    (no ring)
MPRegen 0.26/turn

%: no teleportation
@: no status effects
A: no striking features
a: Renounce Religion


You were in the Dungeon.
You worshipped Vehumet.
Vehumet was pleased with you.
You visited 1 branch You collected 905 gold pieces.
You spent 210 gold pieces at shops.
You donated 36 gold pieces to Zin.

Inventory:

Hand Weapons
 a - a +0 dagger of speed (weapon)
Armour
 c - a +0 robe (worn)
Jewellery
 k - a ring of see invisible (left hand)
Wands
 e - a wand of digging (4)
Scrolls
 g - a scroll of blinking
Potions
 b - 3 potions of magic
 d - a potion of heal wounds
 f - a potion of attraction {unknown}
 h - 4 potions of curing
 i - 2 potions of ambrosia {unknown}


   Skills:
 - Level 2.4 Dodging
 - Level 2.4 Stealth
 + Level 22.7 Spellcasting
 - Level 1.1 Transmutations
 + Level 19.6 Earth Magic


You had 44 spell levels left.
You knew the following spells:

 Your Spells              Type           Power      Damage    Failure   Level
a - Sandblast             Erth           100%       2d20      0%          1
b - Stone Arrow           Conj/Erth      100%       3d13      1%          3
c - Petrify               Tmut/Erth      69%        N/A       1%          4
z - Passwall              Tmut/Erth      57%        N/A       1%          2

Your spell library contained the following spells:

 Spells                   Type           Power      Damage    Failure   Level
 Foxfire                  Conj/Fire      100%       2x1d9     1%          1


Dungeon Overview and Level Annotations

Branches:
Dungeon (1/1)

Altars:
Cheibriados
Dithmenos
Elyvilon
Fedhas
Gozag
Hepliaklqana
Kikubaaqudgha
Makhleb
Nemelex Xobeh
Okawaru
Qazlal
Ru
Sif Muna
Trog
Uskayaw
Vehumet
Wu Jian
Xom
Yredelemnul
Zin
The Shining One
Jiyva
Lugonu

Shops:
D [*[=?:[


Message History

Aim: a centaur warrior (asleep, chance to affect: 63%)
The centaur warrior shouts!
The centaur warrior is moving more slowly.
You see here a +0 mace.
The stone arrow hits the centaur warrior!
The centaur warrior is lightly wounded.
The stone arrow hits the centaur warrior!!
The centaur warrior is heavily wounded.
The centaur warrior barely misses you.
The centaur warrior kicks you but does no damage.
The stone arrow hits the centaur warrior!!
The centaur warrior is severely wounded.
The centaur warrior stops moving altogether!
The stone arrow hits the centaur warrior!
The centaur warrior is almost dead.
The stone arrow hits the centaur warrior!
The centaur warrior is almost dead.
The stone arrow hits the centaur warrior!!
You kill the centaur warrior!
Vehumet accepts your kill.
You see here a +0 shortbow.
Which direction?
You close the door.
You start resting.
A centaur warrior opens the door.
Casting: Stone Arrow (safe; 1% risk of failure)
Confirm with . or Enter, or press ? or * to list all spells.
Aiming: Petrify (safe; 1% risk of failure)
Press: ? - help, Shift-Dir - straight line, f - centaur warrior
Aim: a centaur warrior (purple smoke, wandering, hasn't noticed you, chance to affect: 63%)
The centaur warrior shouts!
The centaur warrior is moving more slowly.
The centaur warrior wields a +0 shortbow.
The centaur warrior shoots an arrow.
The arrow hits you!!
The centaur warrior shoots an arrow.
The arrow closely misses you.
The centaur warrior shoots an arrow.
The arrow hits you!!
* * * LOW HITPOINT WARNING * * *
There is an open door, spattered with blood here.
The centaur warrior shoots an arrow.
The arrow hits you!
You die...

#..#####'#####'#__####...+
#..####..#...#(####)§#####
#).#__####..##§#§~§§.
#..#_____##'#_.'§§§§
#⌠⌠#_.∩...'..._#~§c
##.#_..__##_)#'##'###
#..#_____###'#.#..))###
############.####'###.##
#∩........'...'.@...'[∩#
###''''####...##########
#.......####.###
#........#.#'#.#
#..#.....#.....#
#........#..[(.#
#.....#..#######
#........# #..#.....#


You could see a centaur warrior (petrifying).

Vanquished Creatures
  A centaur warrior (D)
  Sonja (D)
  A deep troll (D)
  8 shining eyes (D)
  2 kobold demonologists (D)
  Sigmund (D)
  A slime creature (D)
  A yak (D)
  5 floating eyes (D)
  An ogre (D)
  A jelly (D)
  Ijyb (D)
  2 ballistomycete spores (D)
26 creatures vanquished.

Notes
Turn   | Place    | Note
-------+----------+-------------------------------------------
     0 | D        | Heoruswealwe the Deep Elf Earth Elementalist began the
                  | quest for the Orb.
     0 | D        | Reached XP level 1. HP: 10/10 MP: 6/6
     1 | D        | Noticed Ijyb
    15 | D        | Killed Ijyb
    16 | D        | Reached skill level 5 in Spellcasting
    16 | D        | Reached skill level 5 in Earth Magic
    16 | D        | Reached XP level 2. HP: 15/15 MP: 4/10
    66 | D        | Noticed an ogre
    73 | D        | Killed an ogre
    74 | D        | Reached skill level 9 in Spellcasting
    74 | D        | Reached XP level 3. HP: 19/19 MP: 7/15
    74 | D        | Reached XP level 4. HP: 24/24 MP: 7/17
   140 | D        | Learned a level 2 spell: Passwall
   144 | D        | Learned a level 3 spell: Stone Arrow
   149 | D        | Learned a level 4 spell: Petrify
   149 | D        | Noticed Sigmund
   151 | D        | Killed Sigmund
   152 | D        | Reached skill level 11 in Spellcasting
   152 | D        | Reached skill level 10 in Earth Magic
   152 | D        | Reached XP level 5. HP: 25/28 MP: 12/21
   203 | D        | Found an ornate altar of the Wu Jian Council.
   203 | D        | Found a shimmering blue altar of Sif Muna.
   205 | D        | Found a radiant altar of Vehumet.
   207 | D        | Reached skill level 12 in Spellcasting
   207 | D        | Reached XP level 6. HP: 32/32 MP: 21/23
   235 | D        | Found Zipter's Jewellery Emporium.
   235 | D        | Found an ancient bone altar of Kikubaaqudgha.
   235 | D        | Found a hazy altar of Hepliaklqana.
   235 | D        | Found a stormy altar of Qazlal.
   235 | D        | Found a hide-covered altar of Uskayaw.
   235 | D        | Found a blossoming altar of Fedhas.
   235 | D        | Found a bloodstained altar of Trog.
   235 | D        | Found an iron altar of Okawaru.
   235 | D        | Found a basalt altar of Yredelemnul.
   235 | D        | Found a glowing golden altar of the Shining One.
   235 | D        | Found a snail-covered altar of Cheibriados.
   235 | D        | Found a sacrificial altar of Ru.
   235 | D        | Found a glowing silver altar of Zin.
   235 | D        | Found a shadowy altar of Dithmenos.
   235 | D        | Found a white marble altar of Elyvilon.
   235 | D        | Noticed a yak
   244 | D        | Killed a yak
   245 | D        | Reached skill level 13 in Spellcasting
   248 | D        | Found an opulent altar of Gozag.
   249 | D        | Found a sparkling altar of Nemelex Xobeh.
   255 | D        | Became a worshipper of Zin the Law-Giver
   255 | D        | Reached * piety under Zin
   255 | D        | Reached ** piety under Zin
   255 | D        | Reached *** piety under Zin
   255 | D        | Reached **** piety under Zin
   255 | D        | Reached ***** piety under Zin
   255 | D        | Reached ****** piety under Zin
   293 | D        | Noticed Sonja
   299 | D        | Killed Sonja
   300 | D        | Reached skill level 15 in Spellcasting
   300 | D        | Reached XP level 7. HP: 36/36 MP: 12/28
   318 | D        | Found Dotoptur's Antique Armour Boutique.
   378 | D        | Noticed a shining eye
   378 | D        | Noticed a shining eye
   378 | D        | Noticed a shining eye
   378 | D        | Noticed a shining eye
   378 | D        | Noticed a shining eye
   378 | D        | Noticed a shining eye
   379 | D        | Paralysed by a floating eye for 2 turns
   380 | D        | Reached skill level 16 in Spellcasting
   380 | D        | Reached XP level 8. HP: 41/41 MP: 26/30
   386 | D        | Paralysed by a floating eye for 3 turns
   394 | D        | Killed a shining eye
   395 | D        | Reached skill level 17 in Spellcasting
   395 | D        | Reached skill level 15 in Earth Magic
   401 | D        | Killed a shining eye
   401 | D        | Paralysed by a floating eye for 2 turns
   402 | D        | Reached skill level 18 in Spellcasting
   406 | D        | Paralysed by a floating eye for 2 turns
   412 | D        | Paralysed by a floating eye for 3 turns
   415 | D        | Killed a shining eye
   416 | D        | Reached XP level 9. HP: 45/45 MP: 1/33
   418 | D        | Paralysed by a floating eye for 2 turns
   425 | D        | Paralysed by a floating eye for 2 turns
   433 | D        | Paralysed by a floating eye for 3 turns
   439 | D        | Paralysed by a floating eye for 3 turns
   443 | D        | Killed a shining eye
   444 | D        | Reached skill level 19 in Spellcasting
   447 | D        | Paralysed by a floating eye for 3 turns
   524 | D        | Killed a shining eye
   525 | D        | Reached skill level 20 in Spellcasting
   531 | D        | Killed a shining eye
   534 | D        | Noticed a shining eye
   534 | D        | Noticed a shining eye
   540 | D        | Killed a shining eye
   541 | D        | Reached XP level 10. HP: 50/50 MP: 7/36
   542 | D        | Reached skill level 21 in Spellcasting
   563 | D        | Killed a shining eye
   588 | D        | Fell from the grace of Zin
   588 | D        | Became a worshipper of Vehumet
   613 | D        | Found Tuklebb's General Store.
   613 | D        | Found Noatwebo's Magic Scroll Shop.
   613 | D        | Found Lojiont's Antique Armour Emporium.
   613 | D        | Found Ircheithre's Book Boutique.
   732 | D        | Bought a ring of see invisible for 210 gold pieces
   784 | D        | Noticed a deep troll
   793 | D        | Killed a deep troll
   806 | D        | Found Xuqaplyj's Armour Emporium.
   880 | D        | Found a burning altar of Makhleb.
   880 | D        | Found a viscous altar of Jiyva.
   880 | D        | Found a shimmering altar of Xom.
   880 | D        | Found a corrupted altar of Lugonu.
   970 | D        | Reached * piety under Vehumet
   970 | D        | Offered knowledge of Foxfire by Vehumet.
   971 | D        | Reached skill level 22 in Spellcasting
  1061 | D        | Noticed a centaur warrior
  1074 | D        | Killed a centaur warrior
  1074 | D        | Reached ** piety under Vehumet
  1114 | D        | Noticed a centaur warrior
  1116 | D        | Shot with an arrow by a centaur warrior

Illustrated notes

Levels and vault maps discovered:
D:        dungeon_sprint_1 [red_sonja_temple_1, red_sonja_temple_small_1]

Skill      XL: |  1  2  3  4  5  6  7  8  9 10 |
---------------+-------------------------------+-----
Spellcasting   | 5 9 11 12 15 16 18 20 22 | 22.7
Earth Magic    | 5 7 10 13 16 18 19 | 19.6
Dodging        | |  2.4
Stealth        | |  2.4
Transmutations | |  1.1

Action                     |  1- 3 |  4- 6 |  7- 9 | 10-12 || total
---------------------------+-------+-------+-------+-------++-------
  Melee: Unarmed           |    10 |       |       |       ||    10
         Dagger            |       |       |   116 |    18 ||   134
         Punch             |       |       |     5 |       ||     5
   Cast: Sandblast         |     5 |     6 |       |     2 ||    13
         Stone Arrow       |       |     5 |    19 |    29 ||    53
         Petrify           |       |     2 |       |     4 ||     6
  Evoke: Wand              |     1 |       |       |       ||     1
    Use: Potion            |     2 |       |       |       ||     2
         Scroll            |     1 |       |       |       ||     1
 Armour: Robe              |     3 |       |       |     1 ||     4
  Dodge: Dodged            |     2 |       |       |     2 ||     4
